Map: Frostline LE

Players

스인망

  • Race: Protoss Protoss
  • League: Diamond
  • Spawn Location: 7:00

llllllllllll - Winner!

  • Race: Terran Terran
  • League: Diamond
  • Spawn Location: 1:00

VOD

Have the link to the VOD?

Description

Time

  • Played on: April 25, 2025, 7:51 a.m.
  • Length: 3:59
Show
View Real Time Build Order
Export as new Build Order

스인망 Protoss 

Build Orders: 1 Gate Expand 

Get SALT Encoding   

  12  0:00  Probe  
  13  0:12  Probe  
  14  0:21  Pylon  
  14  0:24  Probe  
  15  0:37  Probe  
  15  0:42  Gateway  
  16  0:45  Probe  
  17  0:51  Assimilator  
  17  0:54  Probe  
  18  1:06  Probe  
  19  1:18  Probe  
  20  1:30  Cybernetics Core  
  20  1:34  Nexus  
  20  1:41  Assimilator  
  20  1:43  Probe  
  21  1:51  Pylon  
  21  1:55  Probe  
  21  1:57  Stalker  
  22  2:09  Warp Gate  
  22  2:11  Probe  
  25  2:23  Stalker, Probe  
  27  2:39  Shield Battery  
  27  2:46  Stalker  
  25  2:52  Probe  
  25  3:07  Stalker, Probe  
  24  3:27  Probe  
  24  3:30  Gateway  
Show
View Real Time Build Order
Export as new Build Order

llllllllllll Terran - Winner!

Build Orders:  

Get SALT Encoding   

  12  0:00  SCV  
  13  0:12  SCV  
  14  0:18  Supply Depot  
  14  0:24  SCV  
  15  0:31  Refinery  
  15  0:40  SCV  
  16  0:50  Barracks  
  16  1:03  Barracks  
  16  1:19  Barracks  
  16  1:33  Refinery  
  16  1:37  Reaper  
  17  1:50  Reaper  
  18  1:58  Orbital Command  
  18  2:06  Reaper  
  19  2:09  Reaper  
  20  2:22  Reaper  
  21  2:24  Supply Depot  
  21  2:38  Reaper  
  21  2:41  Reaper  
  23  2:54  Reaper  
  24  3:01  SCV  
  25  3:10  Reaper  
  26  3:13  SCV  
  26  3:14  Reaper  
  27  3:25  SCV  
  27  3:26  Reaper  
  28  3:37  SCV  
Tags
 
Add a new tag
Caveats
  • Supply blocks, unpowered buildings, or Contaminate may cause inaccurate times.
  • Supply counts are checked every 10 seconds.